 Dungeon Crawl Stone Soup version 0.25-a0-927-g39f137c8b7 (webtiles) character file.

Game seed: 13796434527482761924, levelgen mode: deterministic

105 Grylvandir the Digger (level 4, -5/24 HPs)
             Began as a Gargoyle Earth Elementalist on May 3, 2020.
             Slain by an iguana (9 damage)
             ... on level 4 of the Dungeon.
             The game lasted 00:05:45 (1464 turns).

Grylvandir the Digger (Gargoyle Earth Elementalist) Turns: 1464, Time: 00:05:45

Health: -5/24      AC:  6    Str: 11    XL:     4   Next: 83%
Magic:  5/8        EV: 12    Int: 17    God:
Gold:   47         SH:  0    Dex: 10    Spells: 5/9 levels left

rFire    . . .     SeeInvis .   e - +1 short sword
rCold    . . .     Gourm    .   (no shield)
rNeg     + . .     Faith    .   c - +0 robe
rPois    ∞         Spirit   .   (no helmet)
rElec    +         Reflect  .   j - +0 cloak
rCorr    .         Harm     .   (no gloves)
MR       .....                  (no boots)
Stlth    ++........             (no amulet)
HPRegen  0.08/turn              (no ring)
MPRegen  0.11/turn              (no ring)

@: no status effects
A: negative energy resistance 1, electricity resistance, unbreathing,
petrification resistance, rot immunity, AC +3
a: no special abilities


You were on level 4 of the Dungeon.
You were not hungry.

You visited 1 branch of the dungeon, and saw 3 of its levels.

You collected 47 gold pieces.

Inventory:

Hand Weapons
 a - a +0 club
 e - a +1 short sword (weapon)
Missiles
 b - 31 stones (quivered)
Armour
 c - a +0 robe (worn)
 j - a +0 cloak (worn)
Scrolls
 h - a scroll of teleportation
Potions
 g - a potion of curing {unknown}
 i - 3 potions of flight {unknown}
 k - a potion of haste {unknown}
Comestibles
 d - 2 rations
 f - 4 chunks of flesh


   Skills:
 - Level 1.5 Dodging
 - Level 2.1 Stealth
 + Level 3.2 Spellcasting
 + Level 1.8 Conjurations
   Level 0.7 Transmutations
 + Level 5.0 Earth Magic


You had 5 spell levels left.
You knew the following spells:

 Your Spells              Type           Power        Failure   Level  Hunger
a - Sandblast             Erth           ###...       2%          1    None
b - Stone Arrow           Conj/Erth      ##....       13%         3    ###....

Your spell library contained the following spells:

 Spells                   Type           Power        Failure   Level  Hunger
 Passwall                 Tmut/Erth      ##......     8%          2    ##.....
 Petrify                  Tmut/Erth      ##......     45%         4    ####...
 Lee's Rapid Deconstruct  Erth           ###.......   52%         5    ######.


Dungeon Overview and Level Annotations

Branches:
Dungeon (2/15)

Altars:


Innate Abilities, Weirdness & Mutations

You are resistant to torment.
Your stone body is resilient. (AC +3)
You are immune to poison.
You resist negative energy. (rN+)
You are resistant to electric shocks. (rElec)
You can survive without breathing.
You are immune to petrification.
You are immune to rotting.


Message History

Casting: Sandblast (safe; 2% risk of failure)
Confirm with . or Enter, or press ? or * to list all spells.
Aiming: Sandblast (safe; 2% risk of failure)
Press: ? - help, Shift-Dir - straight line, f/p - iguana
Aim: an iguana The blast of sand hits the iguana but does no damage.
b - 32 stones The iguana bites you!
Casting: Sandblast (safe; 2% risk of failure)
Confirm with . or Enter, or press ? or * to list all spells.
Aiming: Sandblast (safe; 2% risk of failure)
Press: ? - help, Shift-Dir - straight line, f/p - iguana
Aim: an iguana The blast of sand hits the iguana but does no damage.
b - 31 stones The iguana misses you.
You barely miss the iguana. The iguana bites you!
* * * LOW HITPOINT WARNING * * *
The iguana bites you!
You die...

####..# #..# #.l# ##.##
#..# ### #..# #.### #..#
##..# ##############..#
###. .........@l.....##
##...
####..##.........#####..##
.... #########...÷...##
.... #..###...## ... #..#
#..... .. ##.## ##.... .
#..# ##... ##..# #...
#..## ##..


You could see an iguana.

Vanquished Creatures
  2 worker ants
  An ooze (D:4)
  A worm (D:2)
  4 dart slugs (D:1)
  2 leopard geckos (D:4)
  2 bats (D:1)
  A giant cockroach (D:1)
  8 goblins
  6 hobgoblins
  4 kobolds
  2 ball pythons (D:1)
  3 frilled lizards
  3 rats (D:1)
39 creatures vanquished.

Notes
Turn   | Place    | Note
-------+----------+-------------------------------------------
     0 | D:1      | Grylvandir the Gargoyle Earth Elementalist began the quest
                  | for the Orb.
     0 | D:1      | Reached XP level 1. HP: 10/10 MP: 3/3
   249 | D:1      | Reached skill level 4 in Earth Magic
   249 | D:1      | Reached XP level 2. HP: 8/15 MP: 1/5
   739 | D:1      | Reached XP level 3. HP: 14/19 MP: 7/7
   744 | D:1      | Learned a level 3 spell: Stone Arrow
  1143 | D:2      | Reached skill level 1 in Conjurations
  1143 | D:2      | Reached XP level 4. HP: 23/24 MP: 5/8
  1289 | D:2      | You fall into a shaft and drop 2 floors!
  1296 | D:4      | Reached skill level 5 in Earth Magic
  1464 | D:4      | Slain by an iguana

Levels and vault maps discovered:
D:1:      tarquinn_simple_flora_water_f, layout_rooms, corexii_leaking_fountain
D:2:      layout_basic
D:4:      layout_cave_pods, lemuel_doored_altar, lemuel_round_altar, tgw_sif,
          uniq_ijyb, uniq_pikel, uniq_duvessa, uniq_eustachio

Skill      XL: |  1  2  3  4 |
---------------+-------------+-----
Earth Magic    | 4 5 |  5.0
Spellcasting   | 3 |  3.2
Conjurations   | 1 |  1.8
Dodging        | |  1.5
Stealth        | |  2.1
Transmutations | |  0.7

Action                   |  1- 3 |  4- 6 || total
-------------------------+-------+-------++-------
Melee: Unarmed           |     7 |       ||     7
       Club              |    63 |       ||    63
       Short sword       |    41 |    16 ||    57
 Cast: Sandblast         |    20 |    13 ||    33
  Use: Scroll            |     4 |       ||     4
 Stab: Sleeping          |     2 |     1 ||     3
  Eat: Chunk             |     1 |     1 ||     2
Armor: Robe              |    41 |     7 ||    48
Dodge: Dodged            |    92 |    17 ||   109

Table legend:
 A = Non-vault XP
 B = Vault XP
 C = Vault XP percentage of total XP
 D = Non-vault monster count
 E = Vault monster count
 F = Vault count percentage of total count
                 A         B        C        D         E       F
            +---------+---------+-------+---------+---------+-------
      Total |     151 |       0 |   0.0 |      39 |       0 |   0.0
            +---------+---------+-------+---------+---------+-------
        D:1 |      59 |       0 |   0.0 |      29 |       0 |   0.0
        D:2 |      43 |       0 |   0.0 |       6 |       0 |   0.0
        D:4 |      49 |       0 |   0.0 |       4 |       0 |   0.0
            +---------+---------+-------+---------+---------+-------
